Map: Cyber Forest LE

Players

Piroxiljin - Winner!

  • Race: Terran Terran
  • Spawn Location: 11:00

A.I. 1 (Hard)

  • Race: Terran Terran
  • Spawn Location: 5:00

VOD

Have the link to the VOD?

Description

Time

  • Played on: Jan. 27, 2019, 7:52 a.m.
  • Length: 30:10
Show
View Real Time Build Order
Export as new Build Order

Piroxiljin Terran - Winner!

Build Orders: Mech 

Get SALT Encoding   

  12  0:01  SCV  
  13  0:19  Supply Depot  
  13  0:20  SCV  
  14  0:36  Refinery  
  14  0:37  SCV  
  15  0:46  Barracks  
  15  0:49  SCV  
  16  1:01  SCV  
  17  1:13  SCV  
  17  1:16  Supply Depot  
  18  1:32  SCV  
  19  1:36  Barracks Tech Lab  
  19  1:50  Factory  
  20  1:56  Orbital Command  
  20  2:00  Marauder  
  21  2:46  Barracks Tech Lab  
  21  2:48  Factory  
  20  3:09  Refinery  
  20  3:10  Hellion  
  22  3:13  Concussive Shells  
  22  3:15  Marauder  
  24  3:20  SCV  
  25  3:31  Hellion  
  25  3:32  SCV  
  28  3:36  Barracks  
  28  3:53  SCV  
  28  3:54  Supply Depot x2  
  29  4:18  Supply Depot  
  29  4:23  Barracks Tech Lab  
  29  4:29  Siege Tank  
  29  4:31  Siege Tank  
  35  4:54  Command Center  
  35  5:00  Engineering Bay  
  35  5:01  SCV  
  36  5:08  Supply Depot  
  36  5:12  Supply Depot  
  36  5:13  SCV  
  37  5:14  Mag-Field Accelerator  
  37  5:26  Engineering Bay  
  37  5:27  SCV  
  38  5:35  Supply Depot  
  38  6:03  Marauder  
  40  6:04  Siege Tank  
  32  6:24  Marauder  
  26  7:07  Factory  
  26  7:08  Factory  
  26  7:14  Siege Tank  
  29  7:21  Marine  
  30  7:27  Terran Infantry Weapons Level 1  
  30  7:33  SCV  
  31  7:39  Marine  
  31  7:44  Refinery  
  32  7:45  SCV  
  32  7:46  SCV, Siege Tank  
  32  7:50  Refinery  
  37  7:57  SCV, Marine  
  37  7:58  SCV  
  40  8:10  SCV  
  41  8:13  Siege Tank x2  
  47  8:26  SCV  
  48  8:38  SCV  
  49  8:43  Terran Infantry Armor Level 1  
  49  8:44  Starport  
  49  8:45  Marine  
  50  8:50  SCV  
  51  9:04  Barracks Tech Lab  
  51  9:14  SCV  
  51  9:15  Supply Depot  
  52  9:17  Supply Depot  
  52  9:26  SCV  
  52  9:27  SCV  
  54  9:33  Armory, Hi-Sec Auto Tracking  
  54  9:35  Armory  
  54  9:39  SCV  
  54  9:40  Supply Depot  
  54  9:42  Supply Depot  
  55  9:51  SCV  
  55  9:52  Barracks Tech Lab  
  56  10:10  Orbital Command  
  56  10:11  Engineering Bay  
  56  10:13  Siege Tank  
  56  10:14  Siege Tank x2  
  65  10:17  Marauder  
  67  10:23  Raven  
  69  10:38  Marauder  
  69  10:41  Missile Turret  
  71  10:43  SCV  
  72  10:53  Starport  
  72  10:55  SCV  
  73  10:58  Siege Tank  
  73  10:59  Marine  
  77  11:17  Marine  
  78  11:21  Bunker  
  78  11:25  Liberator  
  78  11:27  Bunker  
  78  11:33  SCV  
  78  11:34  Marine  
  78  11:35  Thor x2  
  92  11:45  SCV  
  96  11:49  SCV  
  96  11:52  Marine  
  98  12:01  SCV  
  99  12:13  Missile Turret  
  99  12:20  Thor x2  
  111  12:25  Viking  
  113  12:49  Fusion Core  
  113  12:52  Terran Infantry Weapons Level 2  
  113  12:55  Medivac, Terran Vehicle Weapons Level 1  
  115  13:10  SCV, Supply Depot x2  
  116  13:22  SCV  
  108  13:34  Supply Depot  
  108  13:35  Supply Depot  
  90  13:47  Liberator  
  78  14:15  SCV  
  79  14:25  Command Center  
  79  14:26  Thor x2  
  79  14:27  SCV, Siege Tank  
  79  14:29  Liberator  
  95  14:39  SCV  
  95  14:44  Terran Vehicle And Ship Armor Level 1  
  99  14:59  Siege Tank  
  102  15:03  Missile Turret  
  102  15:05  Barracks Tech Lab  
  102  15:23  Liberator  
  102  15:36  Marine  
  102  15:38  Thor x2  
  118  15:50  Refinery  
  118  15:54  Marine  
  119  15:57  Refinery  
  119  15:59  Planetary Fortress  
  119  16:11  Marine  
  120  16:29  Marine  
  121  16:47  Marine  
  121  16:49  SCV  
  123  17:01  SCV  
  124  17:25  SCV x3  
  127  17:37  SCV  
  127  17:41  Siege Tank  
  127  17:42  Siege Tank  
  134  17:44  Raven  
  134  17:48  Thor  
  142  18:08  SCV  
  142  18:09  SCV  
  142  18:10  Liberator  
  144  18:13  Thor x2  
  144  18:17  Command Center  
  156  18:20  SCV  
  156  18:21  SCV  
  158  18:31  Siege Tank  
  158  18:33  SCV  
  165  19:05  Supply Depot x3  
  165  19:07  Terran Vehicle Weapons Level 2  
  165  19:09  Terran Vehicle And Ship Armor Level 2  
  165  19:11  Missile Turret  
  165  19:14  Missile Turret  
  165  19:15  Terran Infantry Weapons Level 3  
  165  19:16  Terran Infantry Armor Level 2  
  165  19:26  Siege Tank  
  168  19:35  Refinery  
  168  19:46  Factory  
  168  19:48  Siege Tank, Thor  
  177  20:34  Factory Tech Lab  
  176  22:10  Thor x2  
  176  22:11  Siege Tank  
  176  22:13  SCV  
  192  22:17  SCV  
  193  22:23  Refinery  
  193  22:25  SCV  
  193  22:29  SCV  
  195  22:38  SCV  
  195  22:41  SCV  
  195  22:43  Siege Tank  
  189  24:06  Advanced Ballistics  
  183  26:01  Thor  
  189  26:44  Thor  
  195  27:27  Siege Tank  
  195  27:59  Siege Tank  
Show
View Real Time Build Order
Export as new Build Order

A.I. 1 (Hard) Terran 

Build Orders:  

Get SALT Encoding   

  12  0:00  SCV  
  13  0:13  SCV  
  14  0:20  Supply Depot  
  14  0:25  SCV  
  15  0:41  SCV  
  16  0:43  Barracks  
  16  0:49  Refinery  
  16  0:53  SCV  
  17  1:06  SCV  
  18  1:18  SCV  
  19  1:19  Supply Depot  
  19  1:30  SCV, Marine  
  21  1:40  Barracks  
  21  1:43  Orbital Command  
  21  1:48  Barracks Tech Lab, Refinery  
  21  2:06  Marine  
  22  2:09  Supply Depot  
  22  2:25  Marauder  
  22  2:26  Marine  
  25  2:44  Marine  
  25  2:46  Marauder  
  25  2:48  Supply Depot  
  28  2:57  SCV  
  29  3:02  Marine  
  30  3:07  Marine  
  30  3:09  SCV, Engineering Bay  
  32  3:20  Marine  
  32  3:21  SCV  
  32  3:25  Marauder  
  32  3:26  Supply Depot  
  36  3:34  SCV  
  37  3:38  Marine  
  38  3:46  SCV, Marine  
  40  3:58  SCV  
  41  4:04  Marauder  
  43  5:07  Barracks Tech Lab  
  43  5:08  Reaper  
  43  5:09  Terran Infantry Weapons Level 1, Stimpack  
  43  5:10  Factory  
  44  5:14  Factory  
  44  5:15  Missile Turret  
  44  5:17  Missile Turret  
  44  5:25  Combat Shield  
  44  5:26  Marauder  
  44  5:28  Supply Depot  
  46  5:40  Bunker, Marine  
  47  5:47  Marauder  
  47  5:48  Command Center  
  48  5:54  Factory Tech Lab  
  47  5:57  Starport  
  47  5:58  Reaper  
  47  6:03  SCV  
  47  6:07  Factory Tech Lab  
  47  6:08  Reaper  
  42  6:30  Marauder  
  44  6:35  Starport Tech Lab  
  43  6:41  Marauder  
  43  6:44  Concussive Shells  
  42  6:51  Marine  
  40  6:55  Raven  
  39  7:01  Marine  
  39  7:03  Terran Infantry Armor Level 1  
  39  7:07  SCV  
  41  7:09  SCV  
  41  7:10  Marauder  
  44  7:16  Starport  
  44  7:18  Refinery  
  44  7:19  SCV, Marine  
  44  7:20  Refinery  
  44  7:21  SCV  
  47  7:30  Marine  
  47  7:31  SCV  
  47  7:33  SCV  
  50  7:37  Marine  
  50  7:38  Raven  
  50  7:43  SCV  
  54  7:45  SCV  
  54  7:46  Sensor Tower  
  54  7:48  Marine  
  56  7:53  Starport Tech Lab  
  56  7:55  SCV, Marine  
  56  7:56  Armory  
  56  7:57  SCV  
  59  8:07  Marauder  
  59  8:08  SCV  
  59  8:09  SCV  
  63  8:13  Marine  
  64  8:20  SCV  
  64  8:21  SCV  
  64  8:22  Barracks  
  66  8:32  SCV  
  66  8:33  SCV  
  68  8:44  SCV  
  68  8:45  SCV  
  68  8:48  Supply Depot  
  70  8:56  SCV  
  70  8:57  SCV, Siege Tank  
  75  9:04  Siege Tank  
  75  9:09  Barracks Reactor  
  78  9:11  Supply Depot  
  78  9:23  Medivac  
  80  9:26  Medivac  
  80  9:29  Thor  
  79  9:36  Widow Mine  
  79  9:38  Marine  
  82  9:42  Supply Depot  
  82  9:53  Raven  
  82  9:56  Medivac  
  82  9:57  Siege Tank  
  82  9:59  Command Center  
  89  10:12  Siege Tank  
  92  10:14  Supply Depot  
  92  10:30  Siege Tank  
  95  10:38  Supply Depot  
  95  10:41  Terran Infantry Weapons Level 2  
  95  10:44  Thor  
  101  11:02  Widow Mine  
  103  11:07  Engineering Bay, Terran Vehicle Weapons Level 1  
  103  11:13  SCV  
  103  11:14  SCV  
  103  11:16  SCV  
  106  11:24  Refinery  
  106  11:25  SCV  
  107  11:27  SCV  
  107  11:29  SCV  
  107  11:32  Terran Infantry Armor Level 2  
  109  11:37  SCV, Missile Turret  
  109  11:39  SCV, Missile Turret  
  111  11:41  SCV, Refinery  
  111  11:43  Ghost Academy  
  111  11:46  Fusion Core  
  112  11:49  SCV  
  112  11:51  SCV  
  112  11:53  SCV  
  115  12:00  Armory  
  115  12:01  SCV  
  115  12:02  Bunker  
  115  12:04  SCV  
  115  12:05  SCV  
  115  12:07  Supply Depot  
  118  12:14  SCV  
  119  12:47  Terran Vehicle And Ship Armor Level 1  
  119  12:56  Marine  
  119  12:58  Marine  
  121  12:59  Supply Depot  
  121  13:00  Terran Infantry Weapons Level 3, Ghost  
  121  13:01  Terran Ship Weapons Level 1  
  121  13:02  Marine  
  124  13:13  Marine  
  124  13:16  Marine  
  126  13:20  Marine  
  126  13:23  Supply Depot  
  127  13:29  Marauder  
  127  13:31  Marine  
  127  13:33  Marine  
  120  13:38  Marine  
  110  13:49  Marine  
  110  13:50  Marauder  
  110  13:51  Marine, Terran Infantry Armor Level 3  
  91  13:56  Marauder  
  91  13:57  Siege Tank  
  96  14:03  Medivac  
  96  14:07  Marine  
  96  14:08  Siege Tank  
  96  14:09  Marine  
  103  14:12  Marauder  
  105  14:17  Marine  
  106  14:25  Marine  
  106  14:27  Marine  
  106  14:29  Siege Tank  
  111  14:33  Marauder  
  111  14:35  Marine  
  114  14:41  Terran Vehicle Weapons Level 2  
  114  14:42  Marine  
  114  14:45  Marine  
  116  14:53  Marauder  
  116  14:54  Ghost  
  116  14:55  Terran Vehicle And Ship Armor Level 2  
  120  15:00  Marine  
  120  15:04  Rapid Reignition System  
  121  15:09  Command Center  
  121  15:37  Neosteel Armor  
  121  16:22  Reaper  
  121  16:25  Reaper  
  123  16:28  Cyclone, Hi-Sec Auto Tracking  
  123  16:29  Refinery  
  123  16:30  Personal Cloaking, Ghost  
  123  16:32  Missile Turret  
  128  16:33  Ghost  
  128  16:34  Missile Turret  
  128  16:35  Refinery  
  128  16:36  Cyclone  
  133  16:51  Raven  
  133  16:53  Raven  
  123  16:54  Reaper  
  123  16:55  Bunker  
  123  16:56  Terran Ship Weapons Level 2  
  123  16:57  Reaper  
  123  16:59  Marine  
  126  17:02  Marine  
  127  17:11  Terran Vehicle Weapons Level 3  
  127  17:17  Marine  
  127  17:19  Marine  
  128  18:06  SCV  
  129  19:12  Terran Vehicle And Ship Armor Level 3  
  129  19:48  Terran Ship Weapons Level 3  
  129  19:50  Command Center  
  129  20:07  Viking  
  129  20:11  Supply Depot, Thor  
  121  20:15  Viking  
  121  20:20  Siege Tank  
  113  20:24  Marine  
  92  20:29  Marine  
  92  20:33  Marine  
  94  20:37  Marine  
  94  20:42  Marine  
  96  20:46  Marine  
  97  20:51  Marine  
  98  20:59  Siege Tank  
  98  21:00  Marine  
  98  21:03  Siege Tank  
  105  21:05  Refinery  
  105  21:07  Banshee  
  104  21:12  SCV, Marine  
  104  21:15  SCV, Missile Turret  
  104  21:16  Marine  
  104  21:17  Missile Turret, Refinery  
  103  21:20  Marine  
  103  21:25  Marine  
  105  21:28  SCV  
  105  21:29  SCV  
  105  21:30  Marine  
  106  21:34  Viking  
  106  21:36  SCV  
  106  21:38  Thor  
  106  21:39  Bunker  
  114  21:43  Siege Tank  
  114  21:47  Marine  
  112  21:51  Marine  
  113  21:55  Marine  
  113  22:00  Marine  
  99  22:04  Marine  
  100  22:08  Viking  
  100  22:13  Marine  
  103  22:17  Siege Tank  
  103  22:21  Siege Tank  
  109  22:26  Viking  
  111  22:38  Viking  
  113  22:49  Thor  
  119  22:55  Banshee  
  122  22:59  Marine  
  122  23:04  Marine  
  99  23:08  Raven, Marine  
  94  23:13  Widow Mine  
  94  23:16  Marauder  
  94  23:17  SCV  
  95  23:25  SCV, Marine  
  95  23:26  Marauder  
  98  23:33  Marine  
  99  23:34  Hellion  
  99  23:38  Raven  
  99  23:40  SCV  
  103  23:41  Marine  
  103  23:43  Marine  
  103  23:46  SCV  
  103  23:48  Thor  
  104  23:49  SCV  
  104  23:50  SCV  
  104  23:51  Raven  
  104  23:52  SCV, Marine  
  104  23:53  SCV  
  106  23:55  Siege Tank  
  106  23:58  SCV  
  106  23:59  Marine  
  106  24:01  SCV, Bunker  
  102  24:04  SCV  
  102  24:05  SCV x2  
  93  24:10  SCV  
  93  24:11  Marauder  
  93  24:13  SCV  
  93  24:15  Missile Turret  
  93  24:16  SCV  
  82  24:17  SCV x2, Marine  
  82  24:21  Barracks  
  82  24:22  SCV  
  84  24:28  SCV, Hellion  
  84  24:30  SCV  
  82  24:31  Widow Mine  
  82  24:32  Marine  
  82  24:33  SCV  
  82  24:34  Banshee  
  82  24:35  SCV, Marine  
  74  24:40  SCV  
  74  24:42  SCV  
  67  24:47  SCV x2  
  67  24:49  Hellion, Marine  
  67  24:52  SCV  
  72  24:53  Hellion, Marine  
  72  24:54  SCV  
  72  24:59  SCV  
  72  25:04  SCV, Missile Turret  
  72  25:06  SCV  
  67  25:08  Marauder  
  67  25:10  Marine  
  67  25:11  SCV, Hellion  
  51  25:16  Infernal Pre-Igniter, Hellion  
  51  25:17  Viking  
  51  25:18  SCV  
  46  25:23  SCV  
  46  25:24  Command Center  
  35  25:28  Marine  
  35  25:29  Marine  
  35  25:30  SCV  
  35  25:32  Hellion  
  35  25:35  SCV  
  38  25:41  Hellion  
  38  25:42  SCV  
  38  25:46  Marine  
  38  25:47  Raven, SCV, Marine  
  41  25:54  SCV  
  37  25:57  Hellion  
  37  25:59  SCV  
  33  26:04  Marine x2  
  33  26:05  Hellion  
  33  26:06  SCV  
  37  26:11  SCV  
  35  26:18  SCV  
  35  26:22  Marauder, Marine  
  35  26:23  SCV, Hellion  
  37  26:26  Hellion  
  37  26:30  SCV, Viking  
  42  26:36  SCV  
  39  26:40  Marine  
  39  26:43  SCV, Marine  
  39  26:44  Hellion  
  33  26:48  SCV, Hellion  
  35  26:55  SCV  
  35  26:58  Marine  
  35  26:59  Raven  
  35  27:00  SCV  
  35  27:01  Marine  
  29  27:05  Hellion  
  29  27:07  SCV  
  24  27:09  Hellion  
  24  27:12  SCV  
  19  27:16  Marine  
  19  27:18  Ghost  
  16  27:24  SCV  
  16  27:27  Hellion  
  13  27:30  Siege Tank  
  13  27:33  Marine  
  13  27:36  SCV  
  15  27:42  Viking  
  15  27:47  Marine  
  15  27:48  SCV  
  15  27:50  Siege Tank  
  17  27:52  Marauder  
  13  28:00  SCV  
  13  28:03  Hellion  
  13  28:05  Marine  
  16  28:12  Raven, SCV  
  14  28:23  Marine  
  14  28:24  SCV  
Tags
 
Composition
Mech
Matchup
TvT
Race
Terran
Spawn Locations
Cross Positions
Add a new tag
Caveats
  • Supply blocks, unpowered buildings, or Contaminate may cause inaccurate times.
  • Supply counts are checked every 10 seconds.